 Dungeon Crawl Stone Soup version 0.28.0 (webtiles) character file.

Game seed: 12688962051379210418

25 RascalDebosk the Grave Robber (level 2, 0/20 HPs)
             Began as a Demonspawn Necromancer on Feb 12, 2022.
             Slain by Sigmund (10 damage)
             ... on level 2 of the Dungeon.
             The game lasted 00:12:24 (1583 turns).

RascalDebosk the Grave Robber (DsNe)                Turns: 1583, Time: 00:12:25

Health: 0/20       AC:  3    Str:  8    XL:     2   Next: 86%
Magic:  1/5        EV: 12    Int: 16    God:
Gold:   23         SH:  0    Dex: 13    Spells: 3/5 levels left

rFire   . . .      SeeInvis .   j - +0 mace (venom)
rCold   . . .      Faith    .   (no shield)
rNeg    . . .      Spirit   .   a - +0 robe
rPois   .          Reflect  .   (no helmet)
rElec   .          Harm     .   (no cloak)
rCorr   .          Rampage  .   h - +0 pair of gloves
Will    .....                   (no boots)
Stlth   ++........              (no amulet)
HPRegen 0.06/turn               (no ring)
MPRegen 0.09/turn               (no ring)

@: no status effects
A: powered by pain 1
a: no special abilities


You were on level 2 of the Dungeon.
You visited 1 branch of the dungeon, and saw 2 of its levels.

You collected 23 gold pieces.

Inventory:

Hand Weapons
 b - a +0 short sword
 c - a +0 dagger
 j - a +0 mace of venom (weapon)
Armour
 a - a +0 robe (worn)
 h - a +0 pair of gloves (worn)
Scrolls
 d - a scroll of vulnerability {unknown}
 g - a scroll of blinking {unknown}
 i - a scroll of identify {unknown}
Potions
 e - a potion of lignification {unknown}
 f - 2 potions of might {unknown}
 k - a potion of curing {unknown}


   Skills:
 + Level 0.5 Fighting
 + Level 0.3 Short Blades
 + Level 0.4 Staves
 + Level 0.5 Armour
 + Level 2.0 Dodging
 + Level 1.9 Stealth
 * Level 2.2 Spellcasting
 * Level 4.6 Necromancy


You had 3 spell levels left.
You knew the following spells:

 Your Spells              Type           Power      Damage    Failure   Level
a - Pain                  Necr           64%        1d7       3%          1
b - Animate Skeleton      Necr           32%        N/A       3%          1

Your spell library contained the following spells:

 Spells                   Type           Power      Damage    Failure   Level
 Vampiric Draining        Necr           16%        2d7       9%          3
 Animate Dead             Necr           8%         N/A       30%         4
 Agony                    Necr           16%        N/A       63%         5


Dungeon Overview and Level Annotations

Branches:
Dungeon (2/15)

Altars:

Annotations:
D:2 Sigmund


Innate Abilities, Weirdness & Mutations

You sometimes gain a little power by taking damage.


Message History

Press: ? - help, Q - select action, (/) - cycle Shift-Dir - straight line, f - Sigmund
Aim: Sigmund, wielding a +0 scythe and wearing a +0 robe (chance to affect: 80%) Sigmund writhes in agony.
Aiming: Pain (safe; 3% risk of failure)
Press: ? - help, Q - select action, (/) - cycle Shift-Dir - straight line, f/p - Sigmund
Aim: Sigmund, wielding a +0 scythe and wearing a +0 robe (lightly wounded, chance to affect: 80%) Sigmund writhes in agony.
Sigmund hits you from afar with a +0 scythe.
Aiming: Pain (safe; 3% risk of failure)
Press: ? - help, Q - select action, (/) - cycle Shift-Dir - straight line, f/p - Sigmund
Aim: Sigmund, wielding a +0 scythe and wearing a +0 robe (moderately wounded, chance to affect: 80%) Sigmund writhes in agony.
Aiming: Pain (safe; 3% risk of failure)
Press: ? - help, Q - select action, (/) - cycle Shift-Dir - straight line, f/p - Sigmund
Aim: Sigmund, wielding a +0 scythe and wearing a +0 robe (heavily wounded, chance to affect: 80%) Sigmund writhes in agony.
Sigmund hits you but does no damage.
Aiming: Pain (safe; 3% risk of failure)
Press: ? - help, Q - select action, (/) - cycle Shift-Dir - straight line, f/p - Sigmund
Aim: Sigmund, wielding a +0 scythe and wearing a +0 robe (heavily wounded, chance to affect: 80%)
The hobgoblin writhes in agony.
The hobgoblin hits you but does no damage.
Sigmund closely misses you. The bat misses you.
The hobgoblin completely misses you. The bat hits you but does no damage.
The bat hits you. The bat closely misses you.
You miss the bat. The bat hits you. The bat misses you.
You barely miss the bat. The bat hits you but does no damage.
The bat completely misses you.
You hit the bat.
You kill the bat!
You hit the hobgoblin but do no damage.
The hobgoblin is poisoned.
The hobgoblin is moderately wounded.
The hobgoblin barely misses you. The hobgoblin closely misses you.
You barely miss the hobgoblin.
The hobgoblin is almost dead.
Sigmund hits you from afar with a +0 scythe!
Ouch! That really hurt!
You die...

...... # .....### # .
...$?.####### .
?.##..........# .
..............# .
#..........# . ###........#
. ###g@........# #
###.@##........#
#############..###.........#
..#.......#..### #.#########
#.'..≈≈≈..'.## #.
..#.......#..# #.
#############..# ## # ##..#
#.


You could see Sigmund and a hobgoblin (very poisoned).

Vanquished Creatures
  2 ball pythons (D:1)
  2 endoplasms (D:1)
  A hobgoblin (D:1)
  2 jackals (D:1)
  2 quokkas
  4 bats
  4 frilled lizards (D:1)
  2 goblins (D:1)
  3 kobolds (D:1)
  3 rats (D:1)
25 creatures vanquished.

Notes
Turn   | Place    | Note
-------+----------+-------------------------------------------
     0 | D:1      | RascalDebosk the Demonspawn Necromancer began the quest for
                  | the Orb.
     0 | D:1      | Reached XP level 1. HP: 13/13 MP: 3/3
   599 | D:1      | Gained mutation: You sometimes gain a little power by
                  | taking damage. [demonic ancestry]
   599 | D:1      | Reached XP level 2. HP: 15/20 MP: 5/5
   617 | D:1      | Learned a level 1 spell: Animate Skeleton
  1112 | D:1      | Found a faded altar of an unknown god.
  1569 | D:2      | Noticed Sigmund
  1583 | D:2      | Slain by Sigmund

Illustrated notes

Levels and vault maps discovered:
D:1:      saegor_arrival_simple_b, layout_loops_ring,
          shapermc_ecumenical_altar_starsandcircs
D:2:      layout_rooms, grunt_decor_clamped, uniq_sigmund

Skill      XL: |  1  2 |
---------------+-------+-----
Dodging        | 2 |  2.0
Fighting       | |  0.5
Short Blades   | |  0.3
Staves         | |  0.4
Armour         | |  0.5
Stealth        | |  1.9
Spellcasting   | |  2.2
Necromancy     | |  4.6

Action                   || total
-------------------------++-------
Melee: Short sword       ||    11
       Unarmed           ||     1
       Mace              ||     5
 Cast: Pain              ||    37
       Animate Skeleton  ||     4
Armor: Robe              ||    11
Dodge: Dodged            ||    39
